[Event "Team 45 45 League T60"]
[Site "Internet Chess Club"]
[Date "2014.03.12"]
[Round "3"]
[White "Pomberito"]
[Black "Happybear"]
[Result "1-0"]
[WhiteElo "2152"]
[BlackElo "1884"]
[Opening "QGD: Orthodox defense, 7.Rc1"]
[ECO "D63"]
[Time "12:06:50"]
[TimeControl "2700+45"]

1. d4 d5 2. c4 e6 3. Nf3 Nf6 4. Bg5 Be7 5. Nc3 O-O 6. e3 Nbd7 7. Rc1 b6 8. cxd5
exd5 9. Qa4 Bb7 10. Bd3 a6 11. O-O Re8 12. Bb1 Rc8 13. Bf5 c5 14. Bxf6 Nxf6 15.
Bxc8 Qxc8 16. Ne5 Bd6 17. f4 b5 18. Qd1 c4 19. a3 Kf8 20. Qf3 Ng8 21. Qh5 Nh6
22. Rce1 f6 23. Nf3 Kg8 24. Nh4 Qe6 25. e4 dxe4 26. d5 Bc5+ 27. Kh1 Qg4 28.
Qxe8+ {Black resigns} 1-0

[Event "Team 45 45 League T60"]
[Site "Internet Chess Club"]
[Date "2014.03.16"]
[Round "3"]
[White "charles-allen"]
[Black "PoisonPawn"]
[Result "1-0"]
[WhiteElo "1904"]
[BlackElo "2011"]
[Opening "Sicilian defense"]
[ECO "B40"]
[Time "19:02:59"]
[TimeControl "2700+45"]

1. e4 c5 2. Nf3 e6 3. c3 Nf6 4. e5 Nd5 5. d4 cxd4 6. cxd4 b6 7. Bd3 Bb4+ 8. Bd2
Bxd2+ 9. Nbxd2 Ba6 10. Ne4 O-O 11. O-O Bxd3 12. Qxd3 f6 13. Rac1 Nc6 14. a3 Qe8
15. exf6 gxf6 16. g3 Kh8 17. Nc3 Nce7 18. Nxd5 Nxd5 19. Nd2 Rg8 20. Qf3 Qg6 21.
Ne4 Rac8 22. h4 Rxc1 23. Rxc1 Qh6 24. Rc2 Qxh4 25. Kf1 Qg4 26. Nd2 Qxd4 27. Ne4
Qe5 28. Re2 Qd4 29. Rd2 Qe5 30. Re2 Qd4 31. Rd2 Qc4+ 32. Kg2 f5 33. Nd6 Nf4+ 34.
Kh2 Qc1 35. Nf7+ Kg7 36. Rxd7 Kf6 37. Qxf4 Qxb2 38. Qh4+ {Black resigns} 1-0

[Event "Team 45 45 League T60"]
[Site "Internet Chess Club"]
[Date "2014.03.15"]
[Round "3"]
[White "xt"]
[Black "chessfreak2001"]
[Result "1-0"]
[WhiteElo "1619"]
[BlackElo "1609"]
[Opening "Giuoco Piano"]
[ECO "C54"]
[Time "17:07:51"]
[TimeControl "2700+45"]

1. e4 e5 2. Nf3 Nc6 3. Bc4 Bc5 4. c3 Nf6 5. d4 exd4 6. e5 Ng4 7. cxd4 Bb4+ 8.
Bd2 Bxd2+ 9. Nbxd2 O-O 10. h3 Nh6 11. O-O Nf5 12. Nb3 d6 13. Re1 a6 14. Qe2 Re8
15. Qc2 b5 16. Bxf7+ Kxf7 17. Qxc6 Bd7 18. Qc2 Nh4 19. Qe4 Nxf3+ 20. Qxf3+ Kg8
21. exd6 cxd6 22. Qd5+ Kh8 23. Qxd6 Bf5 24. Qb4 Qg5 25. Rxe8+ Rxe8 26. Re1 Rc8
27. Re3 h6 28. Qd6 Qg6 29. Qe5 Bd7 30. Nc5 Bc6 31. Rg3 Qf7 32. Nxa6 Re8 33. Qc7
Qxc7 34. Nxc7 Re2 35. Rb3 Rd2 36. Rb4 Rd1+ 37. Kh2 Rd2 38. Kg3 Kg8 39. Nxb5 Bxb5
40. Rxb5 Rxd4 41. b4 Kf8 42. Rb7 g5 43. Kf3 Ke8 44. Ke3 Rc4 45. a4 Kd8 46. a5
Kc8 47. a6 h5 48. Rb5 Rc3+ 49. Kd2 Ra3 50. Rc5+ Kb8 51. b5 Ra5 52. Rxg5 h4 53.
Kc3 Ka7 54. Kb4 Ra2 55. Rg7+ Kb6 56. Rg6+ Ka7 57. f4 Ra1 58. f5 Rf1 59. Rg7+ Kb6
60. Rb7# {Black checkmated} 1-0

[Event "Team 45 45 League T60"]
[Site "Internet Chess Club"]
[Date "2014.03.13"]
[Round "3"]
[White "chessnow"]
[Black "Achelous"]
[Result "0-1"]
[WhiteElo "1442"]
[BlackElo "1721"]
[Opening "Sicilian defense"]
[ECO "B73"]
[Time "23:00:19"]
[TimeControl "2700+45"]

1. e4 c5 2. Nf3 Nc6 3. d4 cxd4 4. Nxd4 Nf6 5. Nc3 g6 6. Be3 Bg7 7. Be2 O-O 8.
O-O d6 9. f3 Bd7 10. Qd2 Rc8 11. Rad1 Ne8 12. Kh1 e5 13. Nxc6 Bxc6 14. Bxa7 b6
15. Qe3 Qh4 16. Bxb6 Rb8 17. a4 Bh6 18. Qg1 f5 19. exf5 Rxf5 20. a5 Nf6 21. Qf2
Qb4 22. Rb1 e4 23. Qd4 Rxb6 24. Qxb6 Qxb6 25. axb6 e3 26. Rbd1 d5 27. Rd4 Bf4
28. g4 Be5 29. Rxd5 Nxd5 30. gxf5 Nxb6 31. fxg6 hxg6 32. Nd1 Bf4 33. b3 Nd7 34.
Bc4+ Kg7 35. Kg2 Ne5 36. Bd3 Nxd3 37. cxd3 e2 38. Re1 exd1=Q 39. Rxd1 Kf6 40. d4
Ke6 41. Kf2 Bxh2 42. b4 Bf4 43. Rb1 Bb5 44. Rd1 Kd5 45. Kg2 Be2 46. Re1 Bb5 47.
Re4 g5 48. Kh3 Bd7+ 49. Kg2 Bf5 50. Re5+ Bxe5 51. dxe5 Kxe5 52. Kg3 Kd5 53. f4
g4 54. b5 Kc5 55. b6 Kxb6 56. Kf2 Kc5 57. Ke3 Kd5 58. Kf2 Ke4 59. Kg3 Ke3 60.
Kh2 Kf2 61. Kh1 Be4+ 62. Kh2 g3+ {White resigns} 0-1

[Event "Team 45 45 League T60"]
[Site "Internet Chess Club"]
[Date "2014.03.15"]
[Round "3"]
[White "mongmong"]
[Black "stevyk6"]
[Result "0-1"]
[WhiteElo "1655"]
[BlackElo "1568"]
[Opening "Grünfeld: modern exchange variation"]
[ECO "D90"]
[Time "20:08:04"]
[TimeControl "2700+45"]

1. d4 Nf6 2. Nf3 g6 3. c4 Bg7 4. Nc3 d5 5. cxd5 Nxd5 6. e4 Nxc3 7. bxc3 c5 8.
Rb1 O-O 9. Be2 cxd4 10. cxd4 Nd7 11. O-O e5 12. d5 b6 13. Ba3 Re8 14. Qb3 Nf6
15. Nd2 Bb7 16. Bb5 Nd7 17. Rfc1 Bh6 18. Qd3 Rc8 19. Rxc8 Qxc8 20. Nc4 Ba6 21.
Nd6 Bxb5 22. Rxb5 Qd8 23. Nxe8 Qxe8 24. Rb1 Nf6 25. f3 Qa4 26. g3 Bg5 27. Rd1
Kg7 28. Qb3 Qa6 29. Bb2 Qe2 30. Bxe5 Be3+ 31. Kh1 Qxf3# {White checkmated} 0-1

[Event "Team 45 45 League T60"]
[Site "Internet Chess Club"]
[Date "2014.03.15"]
[Round "3"]
[White "allychess"]
[Black "oldsj"]
[Result "0-1"]
[WhiteElo "1387"]
[BlackElo "1571"]
[Opening "Sicilian: Scheveningen (Paulsen), classical variation"]
[ECO "B84"]
[Time "13:01:44"]
[TimeControl "2700+45"]

1. e4 c5 2. Nf3 d6 3. d4 cxd4 4. Nxd4 Nf6 5. Nc3 a6 6. Be2 e6 7. O-O Be7 8. Be3
O-O 9. Qd3 Nc6 10. Rad1 Qc7 11. Bd2 Ne5 12. Qe3 Nc4 13. Bxc4 Qxc4 14. Rfe1 b5
15. b3 Qc7 16. Qg3 Kh8 17. Nde2 b4 18. Nb1 Nxe4 19. Qf3 Bb7 20. Qd3 Nxd2 21.
Nxd2 Qc6 22. Qd4 Qxg2# {White checkmated} 0-1

[Event "Team 45 45 League T60"]
[Site "Internet Chess Club"]
[Date "2014.03.14"]
[Round "3"]
[White "Egmont"]
[Black "portis2"]
[Result "1/2-1/2"]
[WhiteElo "1807"]
[BlackElo "1661"]
[Opening "Queen's pawn: London system"]
[ECO "A45"]
[Time "12:00:28"]
[TimeControl "2700+45"]

1. d4 Nf6 2. Bf4 e6 3. e3 b6 4. Be2 Bb7 5. Bf3 d5 6. Be2 Nbd7 7. Nf3 c5 8. c3
Be7 9. h3 O-O 10. O-O Re8 11. Na3 cxd4 12. Nb5 dxe3 13. fxe3 Bc5 14. Nc7 Bxe3+
15. Bxe3 Qxc7 16. Bb5 Bc6 17. Be2 Ne4 18. Ng5 Ndf6 19. Nxe4 Nxe4 20. Bh5 g6 21.
Bh6 Qe5 22. Qf3 Qf5 23. Qxf5 exf5 24. Bd1 Ng3 25. Rf3 Re1+ 26. Kf2 Rxd1 27. Rxd1
Ne4+ 28. Kg1 Re8 29. Be3 f6 30. Bd4 Kf7 31. g4 Ng5 32. Re3 Rxe3 33. Bxe3 Nxh3+
34. Kh2 fxg4 {Game drawn by mutual agreement} 1/2-1/2

[Event "Team 45 45 League T60"]
[Site "Internet Chess Club"]
[Date "2014.03.16"]
[Round "3"]
[White "Schachteufel"]
[Black "AVEMARIA"]
[Result "0-1"]
[WhiteElo "1639"]
[BlackElo "1633"]
[Opening "Caro-Kann: advance variation"]
[ECO "B12"]
[Time "10:01:12"]
[TimeControl "2700+45"]

1. e4 c6 2. d4 d5 3. e5 Bf5 4. h4 h6 5. g4 Be4 6. f3 Bg6 7. h5 Bh7 8. Be3 e6 9.
Bd3 Bxd3 10. Qxd3 Be7 11. Nc3 Bh4+ 12. Bf2 Bxf2+ 13. Kxf2 Ne7 14. Nge2 Nd7 15.
Na4 Qa5 16. Qb3 Rb8 17. Rad1 O-O 18. Ng3 Rfc8 19. f4 c5 20. g5 cxd4 21. Rxd4 Nc5
22. Nxc5 Qxc5 23. Qb4 Qxc2+ 24. Rd2 Qc5+ 25. Qxc5 Rxc5 26. gxh6 gxh6 27. Rg1 Kh7
28. Kf3 Rbc8 29. Kg4 Rc2 30. Rgg2 Rxd2 31. Rxd2 Nc6 32. Rc2 Nxe5+ {White
resigns} 0-1

[Event "Team 45 45 League T60"]
[Site "Internet Chess Club"]
[Date "2014.03.14"]
[Round "3"]
[White "tightfist"]
[Black "isolani"]
[Result "0-1"]
[WhiteElo "1586"]
[BlackElo "1601"]
[Opening "Polish (Sokolsky) opening"]
[ECO "A00"]
[Time "21:14:23"]
[TimeControl "2700+45"]

1. b4 d6 2. d4 c6 3. Bb2 Nf6 4. a3 Bg4 5. c4 d5 6. c5 g6 7. Nd2 Bg7 8. Ngf3 Nbd7
9. h3 Bxf3 10. Nxf3 Ne4 11. e3 O-O 12. Bd3 e6 13. Bxe4 dxe4 14. Nd2 f5 15. O-O
a5 16. Qb3 Re8 17. Bc3 a4 18. Qb2 e5 19. Qa2+ Kf8 20. d5 cxd5 21. Qxd5 Nf6 22.
Qa2 Qd3 23. Rac1 Nd5 24. Ba1 Rad8 25. Rfd1 Nf6 26. Rc3 Qe2 27. Qc2 Rd3 28. c6
bxc6 29. Rxc6 Red8 30. Qc5+ Kg8 31. Qc4+ Kf8 32. Qc5+ Kg8 33. Qc4+ Nd5 34. Qc2
Nxe3 35. fxe3 Rxd2 36. Rxd2 Rxd2 37. Rc8+ Kf7 38. Qc4+ Kf6 39. Qxe2 Rxe2 40. Rc1
Rxe3 41. Bb2 f4 42. Kf2 Rb3 43. Rc2 Kf5 44. Bc1 e3+ 45. Ke2 Bf6 46. Rc7 h5 47.
Ra7 Rc3 48. Kd1 Ke4 49. Rxa4 Kd3 50. b5 e2+ 51. Ke1 Rxc1+ 52. Kf2 e1=Q+ 53. Kf3
Qg3# {White checkmated} 0-1

[Event "Team 45 45 League T60"]
[Site "Internet Chess Club"]
[Date "2014.03.14"]
[Round "3"]
[White "Berke"]
[Black "whiskeytown"]
[Result "1/2-1/2"]
[WhiteElo "1563"]
[BlackElo "1538"]
[Opening "Pirc: Byrne variation"]
[ECO "B07"]
[Time "12:00:52"]
[TimeControl "2700+45"]

1. e4 d6 2. d4 Nf6 3. Nc3 g6 4. Bg5 Bg7 5. Qd2 O-O 6. f4 d5 7. e5 Ne4 8. Nxe4
dxe4 9. Bc4 Nc6 10. c3 Na5 11. Bb5 c6 12. Ba4 b5 13. Bc2 Nc4 14. Qf2 Nxb2 15.
Bxe4 Nc4 16. Nf3 f6 17. exf6 Bxf6 18. Bxf6 Rxf6 19. O-O Rxf4 20. Bxc6 Rb8 {Game
drawn by mutual agreement} 1/2-1/2

[Event "Team 45 45 League T60"]
[Site "Internet Chess Club"]
[Date "2014.03.15"]
[Round "3"]
[White "Portola"]
[Black "Packerfan"]
[Result "1/2-1/2"]
[WhiteElo "1776"]
[BlackElo "1766"]
[Opening "Queen's pawn game"]
[ECO "A45"]
[Time "10:00:33"]
[TimeControl "2700+45"]

1. d4 Nf6 2. c3 d5 3. Bf4 g6 4. h3 Bg7 5. e3 O-O 6. Nf3 Nbd7 7. Bd3 c5 8. Nbd2
c4 9. Bc2 b5 10. Qe2 Bb7 11. O-O Re8 12. e4 dxe4 13. Nxe4 Nxe4 14. Bxe4 Bxe4 15.
Qxe4 a5 16. Qc6 e5 17. dxe5 Nxe5 18. Bxe5 Bxe5 19. Qxb5 Bg7 20. Qxc4 Rb8 21.
Rab1 Re6 22. Rfd1 Qe7 23. Nd4 Bxd4 24. Qxd4 Re2 25. Rd2 Re4 26. Qd3 a4 27. a3
Re8 28. Rbd1 Qc7 29. Qd6 Qxd6 30. Rxd6 Re1+ 31. Rxe1 Rxe1+ 32. Kh2 Re2 33. Rb6
Rxf2 34. Kg3 Rc2 35. Kf3 Kg7 36. h4 h5 37. g3 f6 38. Rb4 g5 39. hxg5 fxg5 40.
Rb6 Kh7 41. Rb4 Kg7 42. Rxa4 Rxb2 43. Rc4 Ra2 44. a4 Kf6 45. Rc6+ Kg7 46. Rc4
Kf6 {Game drawn by mutual agreement} 1/2-1/2

[Event "Team 45 45 League T60"]
[Site "Internet Chess Club"]
[Date "2014.03.13"]
[Round "3"]
[White "tryanything"]
[Black "rubo"]
[Result "0-1"]
[WhiteElo "1592"]
[BlackElo "1645"]
[Opening "King's Indian, 3.Nf3"]
[ECO "E60"]
[Time "19:58:59"]
[TimeControl "2700+45"]

1. d4 Nf6 2. Nf3 g6 3. c4 c5 4. d5 b5 5. cxb5 a6 6. b6 Bb7 7. Nc3 e6 8. e4 Qxb6
9. Bc4 Bg7 10. O-O O-O 11. Re1 exd5 12. exd5 d6 13. Qb3 Nbd7 14. Bf4 Qc7 15.
Bxd6 Qxd6 16. Qxb7 Rfb8 17. Qc6 Qxc6 18. dxc6 Nb6 19. Bd3 c4 20. Be4 Nxe4 21.
Rxe4 Ra7 22. Rae1 Kf8 23. Nd2 Bxc3 24. bxc3 Rc7 25. Nxc4 Rxc6 26. Nxb6 Rcxb6 27.
Ra4 Re6 28. Kf1 Rbe8 29. Rxe6 Rxe6 30. g3 Ke7 31. f3 f5 32. Kf2 Kd7 33. c4 Kc7
34. c5 h5 35. Rc4 Kc6 36. a4 a5 37. f4 Re7 38. h4 Rb7 39. Ke3 Rb3+ 40. Kf2 Rb4
41. Rc3 Rxa4 42. Ke3 Rb4 43. Kd3 a4 44. Kc2 Rb5 45. Kd3 Rxc5 46. Ra3 Kb5 47. Kd4
Rc6 48. Kd5 Ra6 49. Ra1 a3 50. Rb1+ Ka4 51. Kc4 Rc6+ 52. Kd5 Rc3 53. Rb8 Rxg3
54. Kc4 Ka5 55. Ra8+ Kb6 56. Kb4 Kb7 57. Rxa3 Rxa3 58. Kxa3 Kc6 59. Kb3 Kd5 60.
Kc3 Ke4 {White resigns} 0-1

[Event "Team 45 45 League T60"]
[Site "Internet Chess Club"]
[Date "2014.03.15"]
[Round "3"]
[White "evan7284"]
[Black "clarinetref"]
[Result "0-1"]
[WhiteElo "1620"]
[BlackElo "1608"]
[Opening "Torre attack (Tartakower variation)"]
[ECO "D03"]
[Time "09:50:01"]
[TimeControl "2700+45"]

1. d4 d5 2. Nf3 Nf6 3. Bg5 Ne4 4. Bf4 c5 5. e3 Qb6 6. Qc1 Nc6 7. c3 cxd4 8. exd4
Bf5 9. Nbd2 e6 10. Nh4 Nxd2 11. Qxd2 Bg6 12. Nxg6 hxg6 13. Qc2 Rc8 14. Qb3 Be7
15. Qxb6 axb6 16. Bd3 g5 17. Bg3 f5 18. f4 g4 19. Kd2 Kf7 20. Bc2 Bh4 21. Bb3
Rh6 22. Ke2 Rch8 23. Kf2 g5 24. fxg5 Bxg5 25. Bc7 f4 26. Kg1 f3 27. Kf2 Bh4+ 28.
Bg3 Ne7 29. gxf3 Bxg3+ 30. Kxg3 Nf5+ 31. Kg2 Nh4+ 32. Kg3 gxf3 33. Raf1 Rg6+ 34.
Kf4 Rf6+ 35. Ke3 Rh5 36. Bd1 Rhf5 37. Rf2 Ng2+ 38. Kd2 Nh4 39. Rhf1 Ke7 40. Rg1
Kd6 41. Rg7 e5 42. dxe5+ Kxe5 43. Rxb7 Rf4 44. Bb3 d4 45. Rd7 dxc3+ 46. bxc3
Rd6+ 47. Rxd6 Kxd6 48. Ke3 Rf8 49. Bd1 Re8+ 50. Kf4 Rc8 51. Bxf3 Rxc3 52. Kg4
Ng6 53. Kg5 Ne5 54. Kf4 Nd3+ 55. Kg3 Nxf2 56. Kxf2 Rc2+ 57. Kg3 Rxa2 58. h4 Ke5
59. h5 Ra7 60. Kh4 Kf6 61. Bc6 Rc7 62. Be8 Rc4+ 63. Kg3 Kg5 64. Kf3 Rc8 65. Bg6
b5 66. Ke3 b4 67. Kd2 b3 68. Kd1 b2 69. Bb1 Rc1+ {White resigns} 0-1

[Event "Team 45 45 League T60"]
[Site "Internet Chess Club"]
[Date "2014.03.12"]
[Round "3"]
[White "PostMike"]
[Black "idjit"]
[Result "1-0"]
[WhiteElo "1461"]
[BlackElo "1631"]
[Opening "Two knights defense"]
[ECO "C58"]
[Time "14:31:41"]
[TimeControl "2700+45"]

1. e4 e5 2. Nf3 Nc6 3. Bc4 Nf6 4. Ng5 d5 5. exd5 Na5 6. Bb5+ Bd7 7. Be2 Nxd5 8.
d4 Be7 9. Ne4 Nf6 10. Nxf6+ Bxf6 11. d5 c5 12. c4 O-O 13. a4 Qb6 14. Nd2 Bg5 15.
O-O Bxd2 16. Bxd2 Nb3 17. Rb1 Nxd2 18. Qxd2 Bxa4 19. b4 Rab8 20. b5 a6 21. Qa2
axb5 22. cxb5 Ra8 23. Qb2 f6 24. Bc4 Qd6 25. Ra1 Ra5 26. Ra3 Rfa8 27. Rfa1 b6
28. Qe2 Bd1 29. Qd3 Rxa3 30. Rxa3 Rxa3 31. Qxa3 Bh5 32. Qa8+ Kf7 33. Qc6 Ke7 34.
Qb7+ Kf8 35. Qc6 Ke7 36. Qb7+ Qd7 37. Qxb6 Qd6 38. Qa7+ {Black resigns} 1-0

[Event "Team 45 45 League T60"]
[Site "Internet Chess Club"]
[Date "2014.03.12"]
[Round "3"]
[White "nanning"]
[Black "houseofcook"]
[Result "1/2-1/2"]
[WhiteElo "1570"]
[BlackElo "1491"]
[Opening "Catalan: closed, 5.Nf3"]
[ECO "E06"]
[Time "15:00:23"]
[TimeControl "2700+45"]

1. d4 d5 2. c4 e6 3. Nf3 Nf6 4. g3 Be7 5. Bg2 O-O 6. O-O dxc4 7. Nc3 c5 8. Be3
cxd4 9. Nxd4 Nbd7 10. Ndb5 a6 11. Nd6 Qc7 12. Nde4 Rd8 13. Qc2 Nxe4 14. Nxe4 Nf8
15. Rac1 Rb8 16. Ba7 Ra8 17. Be3 Rb8 18. Qxc4 Qxc4 19. Rxc4 b5 20. Rc7 Rd7 21.
Rfc1 Rxc7 22. Rxc7 Bd8 23. Rc2 Bb7 24. Bf4 Rc8 25. Rxc8 Bxc8 26. Nc5 {Game drawn
by mutual agreement} 1/2-1/2

[Event "Team 45 45 League T60"]
[Site "Internet Chess Club"]
[Date "2014.03.18"]
[Round "3"]
[White "NFork"]
[Black "RobertStephen"]
[Result "1-0"]
[WhiteElo "2165"]
[BlackElo "1970"]
[Opening "English: symmetrical variation"]
[ECO "A34"]
[Time "16:03:00"]
[TimeControl "2700+45"]

1. c4 c5 2. Nc3 Nf6 3. g3 e6 4. Nf3 d5 5. cxd5 exd5 6. d4 cxd4 7. Nxd4 Nc6 8.
Bg2 Bb4 9. O-O Bg4 10. Nxc6 bxc6 11. Qa4 Qd6 12. Bf4 Qc5 13. Rac1 Bxc3 14. Rxc3
Qb5 15. Qxb5 cxb5 16. Be5 Ke7 17. Bxf6+ Kxf6 18. Rc6+ Ke7 19. Bxd5 Rac8 20. f3
Be6 21. Rxc8 Rxc8 22. Bxe6 Kxe6 23. Kf2 Rc2 24. Rb1 Kd5 25. Ke1 Ke5 26. Kd1 Rc6
27. Rc1 Ra6 28. a3 Rd6+ 29. Ke1 a6 30. Rc7 Ke6 31. b4 Rd4 32. Rc6+ Rd6 33. Rxd6+
Kxd6 34. Kd2 Ke5 35. Kd3 f5 36. e4 g5 37. exf5 Kxf5 38. Kd4 g4 39. f4 h5 40. Kd5
{Black resigns} 1-0

[Event "Team 45 45 League T60"]
[Site "Internet Chess Club"]
[Date "2014.03.16"]
[Round "3"]
[White "Atwode"]
[Black "SlimeDog2"]
[Result "0-1"]
[WhiteElo "1805"]
[BlackElo "1995"]
[Opening "English: symmetrical, Rubinstein system"]
[ECO "A15"]
[Time "14:05:06"]
[TimeControl "2700+45"]

1. c4 Nf6 2. g3 c5 3. Bg2 d5 4. cxd5 Nxd5 5. Nc3 Nc7 6. Nf3 Nc6 7. O-O e5 8. d3
Be7 9. Be3 O-O 10. Na4 b6 11. a3 Nd5 12. Bd2 Be6 13. Nc3 f6 14. Nxd5 Bxd5 15.
Bc3 Qd7 16. Qa4 Rac8 17. b4 Rfd8 18. bxc5 Nd4 19. Qxd7 Nxe2+ 20. Kh1 Rxd7 21.
Bb2 Rxc5 22. Rfe1 Rc2 23. Rab1 Ba2 {White resigns} 0-1

[Event "Team 45 45 League T60"]
[Site "Internet Chess Club"]
[Date "2014.03.13"]
[Round "3"]
[White "cysk"]
[Black "willhelm"]
[Result "1/2-1/2"]
[WhiteElo "1781"]
[BlackElo "1941"]
[Opening "Scotch: Mieses variation"]
[ECO "C45"]
[Time "20:31:37"]
[TimeControl "2700+45"]

1. e4 e5 2. Nf3 Nc6 3. d4 exd4 4. Nxd4 Nf6 5. Nxc6 bxc6 6. e5 Ne4 7. Nd2 Nxd2 8.
Bxd2 Qe7 9. Qe2 d6 10. exd6 cxd6 11. O-O-O Qxe2 12. Bxe2 Be6 13. Bf3 d5 14. Bc3
f6 15. Rhe1 Kf7 16. h4 Bc5 17. Re2 Rhe8 18. Bd4 Bb6 19. g4 c5 20. Be3 Rad8 21.
g5 f5 22. h5 d4 23. Bf4 Bc4 24. Rxe8 Rxe8 25. b3 Be6 26. Rg1 Ke7 27. g6 hxg6 28.
Rxg6 Kf7 29. Be5 Rg8 30. Be2 Bd8 31. Rxe6 Kxe6 32. Bc4+ Kxe5 33. Bxg8 Ke4 34.
Kd2 Kf3 35. Ke1 f4 36. Bd5+ Kg4 37. Ke2 Kxh5 38. f3 Kg5 {Game drawn by mutual
agreement} 1/2-1/2

[Event "Team 45 45 League T60"]
[Site "Internet Chess Club"]
[Date "2014.03.17"]
[Round "3"]
[White "Goli"]
[Black "JustinL"]
[Result "1/2-1/2"]
[WhiteElo "1792"]
[BlackElo "1961"]
[Opening "French: exchange variation"]
[ECO "C01"]
[Time "16:00:21"]
[TimeControl "2700+45"]

1. e4 e6 2. d4 d5 3. exd5 exd5 4. Bd3 Bd6 5. Ne2 Ne7 6. Nbc3 c6 7. Bg5 Nd7 8.
Qd2 h6 9. Bh4 Qc7 10. Qe3 g5 11. Bg3 Nf6 12. Qf3 Nd7 13. h4 g4 14. Qxg4 h5 15.
Bxd6 Qxd6 16. Qf4 Qb4 17. O-O-O Nb6 18. a3 Qa5 19. Rde1 Be6 20. Ng3 O-O-O 21.
Nf5 Nxf5 22. Bxf5 Nc4 23. Bxe6+ fxe6 24. Rxe6 Nxa3 {Game drawn by mutual
agreement} 1/2-1/2

[Event "Team 45 45 League T60"]
[Site "Internet Chess Club"]
[Date "2014.03.17"]
[Round "3"]
[White "Jack-ONeill"]
[Black "Paul-Romero"]
[Result "1-0"]
[WhiteElo "2065"]
[BlackElo "1897"]
[Opening "Pirc: classical system, 5.Be2"]
[ECO "B08"]
[Time "15:10:55"]
[TimeControl "2700+45"]

1. e4 d6 2. d4 Nf6 3. Nc3 g6 4. Nf3 Bg7 5. Be2 O-O 6. O-O Bg4 7. Be3 Nc6 8. Qd2
e5 9. dxe5 dxe5 10. Rad1 Qc8 11. Qc1 Rd8 12. Rxd8+ Qxd8 13. Rd1 Qc8 14. h3 Be6
15. Ng5 {Black resigns} 1-0

[Event "Team 45 45 League T60"]
[Site "Internet Chess Club"]
[Date "2014.03.13"]
[Round "3"]
[White "jjimalo"]
[Black "Ptzz"]
[Result "1/2-1/2"]
[WhiteElo "1936"]
[BlackElo "2034"]
[Opening "Réti opening"]
[ECO "A30"]
[Time "14:00:29"]
[TimeControl "2700+45"]

1. Nf3 c5 2. c4 g6 3. Nc3 Bg7 4. d4 cxd4 5. Nxd4 Nc6 6. e3 Nf6 7. Be2 O-O 8. O-O
Nxd4 9. exd4 d5 10. b3 dxc4 11. bxc4 Be6 12. Bb2 Rc8 13. d5 Bf5 14. Qb3 Nd7 15.
Na4 Bxb2 16. Qxb2 Qa5 17. Qb3 b6 18. Rfd1 Nc5 19. Nxc5 Qxc5 20. Rac1 Rc7 21. h4
h5 22. Qg3 Kh7 23. Qg5 f6 24. Qf4 Qd6 25. Qd4 Rfc8 26. Rc3 b5 27. Rdc1 bxc4 28.
Rxc4 Rxc4 29. Rxc4 Rb8 30. Rc1 Qa3 31. Qc5 Qxc5 32. Rxc5 Rc8 33. Ra5 Rc7 34. d6
exd6 35. Bxh5 gxh5 36. Rxf5 Kg6 37. Ra5 Rd7 38. Kf1 d5 39. Ke2 Kf5 40. Ke3 Re7+
41. Kd3 Ke5 42. g3 Rd7 43. Ke3 Re7 44. Kd3 Rd7 45. Ke3 Re7 46. Kd3 {Game drawn
by repetition} 1/2-1/2

[Event "Team 45 45 League T60"]
[Site "Internet Chess Club"]
[Date "2014.03.18"]
[Round "3"]
[White "Holgate"]
[Black "santiagoelawad"]
[Result "1-0"]
[WhiteElo "1999"]
[BlackElo "1947"]
[Opening "Caro-Kann: Steinitz variation"]
[ECO "B17"]
[Time "18:00:15"]
[TimeControl "2700+45"]

1. e4 c6 2. d4 d5 3. Nd2 dxe4 4. Nxe4 Nd7 5. Ng5 Ngf6 6. Bd3 e6 7. N1f3 Bd6 8.
Qe2 h6 9. Ne4 Nxe4 10. Qxe4 Qa5+ 11. Bd2 Qd5 12. Qe2 O-O 13. c4 Qh5 14. h3 Nf6
15. O-O-O b5 16. g4 {Black resigns} 1-0

[Event "Team 45 45 League T60"]
[Site "Internet Chess Club"]
[Date "2014.03.15"]
[Round "3"]
[White "justice02"]
[Black "Tobiasdelmonte"]
[Result "0-1"]
[WhiteElo "1783"]
[BlackElo "1787"]
[Opening "English: Neo-Catalan"]
[ECO "A13"]
[Time "22:00:28"]
[TimeControl "2700+45"]

1. Nf3 Nf6 2. c4 e6 3. g3 d5 4. Bg2 Bc5 5. O-O O-O 6. d4 Be7 7. Nbd2 Nbd7 8. b3
c5 9. Bb2 b6 10. cxd5 exd5 11. Qc2 Bb7 12. Rfe1 Rc8 13. Qf5 Re8 14. Bh3 g6 15.
Qd3 c4 16. bxc4 dxc4 17. Nxc4 Be4 18. Qb3 Bd5 19. Rec1 b5 20. Qxb5 Rb8 21. Bxd7
Rxb5 22. Bxb5 Rf8 23. Nfe5 Qb8 24. a4 Rc8 25. Ne3 Rxc1+ 26. Rxc1 a6 27. Nxd5
Nxd5 28. Nc6 Qb7 29. Na5 Qb6 30. Rc8+ Kg7 31. Nc4 Qb7 32. Nd6 Bxd6 33. Rc6 axb5
34. Rxd6 bxa4 35. Ba3 Qb3 36. Bc5 a3 37. Bxa3 Qd1+ 38. Kg2 Qxe2 39. Kh3 h5 40.
Rd8 Nf4+ {White resigns} 0-1

[Event "Team 45 45 League T60"]
[Site "Internet Chess Club"]
[Date "2014.03.17"]
[Round "3"]
[White "BigH"]
[Black "kidcobra"]
[Result "1-0"]
[WhiteElo "2116"]
[BlackElo "1812"]
[Opening "Queen's pawn: London system"]
[ECO "A45"]
[Time "15:41:10"]
[TimeControl "2700+45"]

1. d4 Nf6 2. Bf4 d5 3. e3 e6 4. Nf3 Nc6 5. c3 Bd6 6. Bd3 Qe7 7. Ne5 Bxe5 8. dxe5
Nd7 9. Bb5 O-O 10. Bxc6 bxc6 11. Kf1 Ba6+ 12. Kg1 Rab8 13. b3 f6 14. exf6 Qxf6
15. h4 e5 16. Bg3 Rb7 17. h5 h6 18. Nd2 e4 19. Nxe4 dxe4 20. Qxd7 Qxc3 21. Qe6+
Kh8 22. Be5 Qxa1+ 23. Bxa1 Rf6 24. Bxf6 gxf6 25. Qxf6+ Kh7 26. Qg6+ Kh8 27.
Qxh6+ Kg8 28. Rh4 Be2 29. Rf4 Rb8 30. Qg6+ Kh8 31. Rf7 Rg8 32. Rh7# {Black
checkmated} 1-0

[Event "Team 45 45 League T60"]
[Site "Internet Chess Club"]
[Date "2014.03.18"]
[Round "3"]
[White "elmaestro"]
[Black "bondguy01"]
[Result "1-0"]
[WhiteElo "1819"]
[BlackElo "1738"]
[Opening "KGD: Falkbeer counter-gambit"]
[ECO "C31"]
[Time "19:09:27"]
[TimeControl "2700+45"]

1. e4 e5 2. f4 d5 3. exd5 exf4 4. Nc3 Qh4+ 5. g3 fxg3 6. Qe2+ Be7 7. Nf3 g2+ 8.
Nxh4 gxh1=Q 9. d4 Bh3 10. Bf4 Bxf1 11. Qxf1 Qxf1+ 12. Kxf1 g5 13. Bxc7 gxh4 14.
Re1 Kd7 15. Bf4 Na6 16. Nb5 Rc8 17. d6 Bf6 18. c3 h5 19. Be5 Rh6 20. Re2 Rf8 21.
Nxa7 Rg6 22. Nb5 Bg5 23. Nc7 Nxc7 24. dxc7 Kc8 25. d5 f6 26. Bd6 Rd8 27. cxd8=Q+
Kxd8 28. c4 f5 29. c5 Ne7 30. Bxe7+ Bxe7 31. d6 Bf8 32. b4 Kd7 33. b5 Rg4 34.
Rd2 Rb4 35. c6+ bxc6 36. bxc6+ Kd8 37. c7+ Kd7 38. Rc2 Rf4+ 39. Kg2 Rg4+ 40. Kf3
Kxd6 41. c8=Q Ke5 42. Re2+ Re4 43. Qxf8 Rxe2 44. Kxe2 f4 45. a4 f3+ 46. Qxf3 h3
47. a5 h4 48. a6 Kd6 49. a7 Kc5 50. a8=Q Kc4 51. Qfd5+ Kb4 52. Qab7+ Kc3 53.
Qbc6+ {Black resigns} 1-0

[Event "Team 45 45 League T60"]
[Site "Internet Chess Club"]
[Date "2014.03.16"]
[Round "3"]
[White "primerpaso"]
[Black "chess09"]
[Result "1-0"]
[WhiteElo "1936"]
[BlackElo "1953"]
[Opening "English: symmetrical, Botvinnik system reversed"]
[ECO "A37"]
[Time "18:00:42"]
[TimeControl "2700+45"]

1. c4 c5 2. Nc3 Nc6 3. g3 g6 4. Bg2 Bg7 5. Nf3 e5 6. d3 Nge7 7. O-O O-O 8. a3 d6
9. Rb1 a5 10. Bd2 Be6 11. Nb5 d5 12. Ng5 Nd4 13. Nxe6 fxe6 14. b4 Nxb5 15. cxb5
cxb4 16. axb4 a4 17. Ra1 Qb6 18. Rxa4 Qxb5 19. Rxa8 Rxa8 20. Bh3 Ra6 21. Qb3 Nf5
22. e3 Qa4 23. Qxa4 Rxa4 24. Rc1 Bf8 25. b5 Ra2 26. Bc3 Bd6 27. e4 Ng7 28. exd5
exd5 29. Bg2 Kf8 30. Bxd5 Re2 31. Kf1 {Black resigns} 1-0